 Dungeon Crawl Stone Soup version 0.26-a0-651-gb41185065b (webtiles) character file.

Game seed: 1076521972056227218

99 Ozzies the Skirmisher (level 4, -1/44 HPs)
             Began as a Deep Dwarf Fighter on Oct 6, 2020.
             Slain by Sigmund
             ... wielding a +1 scythe of protection
              (3 damage)
             ... on level 2 of the Dungeon.
             The game lasted 00:01:13 (1015 turns).

Ozzies the Skirmisher (Deep Dwarf Fighter)          Turns: 1015, Time: 00:01:14

Health: -1/44      AC:  6    Str: 21    XL:     4   Next: 45%
Magic:  12/12 (3)  EV: 11    Int:  8    God:
Gold:   120        SH:  9    Dex: 12    Spells: 3/3 levels left

rFire    . . .     SeeInvis .   a - +0 war axe
rCold    . . .     Faith    .   c - +0 kite shield
rNeg     . . .     Spirit   .   b - +0 scale mail
rPois    .         Reflect  .   (no helmet)
rElec    .         Harm     .   (no cloak)
rCorr    .         Rampage  .   (no gloves)
MR       .....                  (no boots)
Stlth    ..........             (no amulet)
HPRegen  0.00/turn              m - ring of magical power
MPRegen  0.13/turn              j - +4 ring of evasion

@: non-regenerating
A: damage resistance, heal wounds, sense surroundings 1, no regeneration
a: Heal Wounds


You were on level 2 of the Dungeon.
You visited 1 branch of the dungeon, and saw 2 of its levels.

You collected 120 gold pieces.

Inventory:

Hand Weapons
 a - a +0 war axe (weapon)
Missiles
 i - 23 sling bullets
 o - 22 stones (quivered)
Armour
 b - a +0 scale mail (worn)
 c - a +0 kite shield (worn)
 f - a +0 pair of gloves
 p - a +0 pair of gloves
Jewellery
 j - a +4 ring of evasion (right hand)
 m - a ring of magical power (left hand)
Scrolls
 e - 2 scrolls of magic mapping {unknown}
 g - a scroll of fog {unknown}
 h - 2 scrolls of identify {unknown}
 l - 2 scrolls of remove curse {unknown}
 q - a scroll of amnesia {unknown}
Potions
 d - a potion of might {@q3 !q}
 k - a potion of curing {unknown}
 n - a potion of brilliance {unknown}


   Skills:
 * Level 4.2 Fighting
 + Level 3.4 Axes
 - Level 3.2 Armour
 - Level 3.2 Shields


You had 3 spell levels left.
You didn't know any spells.
Your spell library was empty.

Dungeon Overview and Level Annotations

Branches:
Dungeon (2/15)

Altars:

Annotations:
D:2 Sigmund


Innate Abilities, Weirdness & Mutations

You are resistant to damage.
You can heal yourself by infusing magical energy.
You passively map a small area around you.
You do not regenerate.


Message History

You hit the shadow imp. You block Natasha's attack.
You block the shadow imp's attack.
You barely miss Natasha.
Natasha is lightly wounded.
You slash the shadow imp! Natasha claws you. You block the shadow imp's attack.
You block Natasha's attack.
Your shield prevents you from hitting the shadow imp.
The shadow imp is almost dead.
You slash Natasha!
You kill Natasha!
You feel Natasha's spirit has finally been put to rest.
The shadow imp disappears in a puff of smoke!
No target in view!
No target in view!
No target in view!
No target in view!
No target in view!
No target in view!
No target in view!
No target in view!
No target in view!
No target in view!
No target in view!
No target in view!
No target in view!
o - 19 stones (gained 1)
o - 20 stones (gained 1)
o - 21 stones (gained 1)
o - 22 stones (gained 1)
Found a stone staircase leading up.
There is a stone staircase leading up here.
A hobgoblin comes into view. It is wielding a +0 club.
The hobgoblin shouts!
A hobgoblin is nearby!
A hobgoblin is nearby!
Sigmund the Dreaded comes into view.
He is wielding a +1 scythe of protection.
The hobgoblin hits you but does no damage.
You slash the hobgoblin!
You kill the hobgoblin!
Sigmund hits you from afar with a +1 scythe of protection.
Sigmund barely misses you.
You see here a +0 club.
You hit Sigmund.
Sigmund is lightly wounded.
Sigmund mumbles some strange words.
Sigmund flickers and vanishes!
Deactivating autopickup; reactivate with Ctrl-A.
No target in view!
No target in view!
No target in view!
No target in view!
No target in view!
No target in view!
No target in view!
No target in view!
No target in view!
No target in view!
No target in view!
No target in view!
No target in view!
No target in view!
No target in view!
No target in view!
No target in view!
No target in view!
You miss something. Something hits you.
You hit something but do no damage. Something hits you.
You barely miss something.
You hear some strange, mumbled words.
A magic dart appears from out of thin air!
The magic dart hits you. Something hits you.
You miss something. Something hits you.
You miss something.
You hear some strange, mumbled words.
Something tries to affect you, but you resist.
Your shield prevents you from hitting something.
You block something's attack.
You miss something. Something hits you.
You closely miss something. Something hits you but does no damage.
You completely miss something. Something hits you.
You miss something. Something hits you but does no damage.
You barely miss something. Something completely misses you.
You slash something!
You hear some strange, mumbled words.
A magic dart appears from out of thin air!
The magic dart hits you.
You closely miss something. Something hits you!
You barely miss something. Something hits you but does no damage.
You completely miss something. Something hits you.
You completely miss something. Something hits you but does no damage.
You closely miss something. Something hits you!
* * * LOW HITPOINT WARNING * * *
Your shield and scale mail prevent you from hitting something.
You hear some strange, mumbled words.
A puff of flame appears from out of thin air!
The puff of flame hits you.
* * * LOW HITPOINT WARNING * * *
You hit something. Something hits you but does no damage.
You hit something. Something hits you.
You die...

.## .# ### ** .#
#######.. ## #.......# ,
# ########.####..### *
###................
....####..<####..#*
...........####..##.##.#
###.##.#.#......@{.....#
#...##.#.##########.####
#.#......# ..#.##.###* *
, ....##.# , , ..####, ,
..# , , * ..# ,, ..# , *


There were no monsters in sight!

Vanquished Creatures
  Natasha (thrice) (D:2)
  A worm (D:2)
  A dart slug (D:1)
  2 giant cockroaches (D:1)
  A goblin (D:1)
  5 hobgoblins
  4 bats (D:1)
  3 frilled lizards
  2 kobolds
  3 rats (D:1)
25 creatures vanquished.

Notes
Turn   | Place    | Note
-------+----------+-------------------------------------------
     0 | D:1      | Ozzies the Deep Dwarf Fighter began the quest for the Orb.
     0 | D:1      | Reached XP level 1. HP: 20/20 MP: 1/1
   276 | D:1      | Reached skill level 3 in Fighting
   291 | D:1      | Reached XP level 2. HP: 23/28 MP: 2/2
   660 | D:2      | Noticed Natasha
   665 | D:2      | Killed Natasha
   665 | D:2      | Reached XP level 3. HP: 33/36 MP: 3/3
   895 | D:2      | Noticed Natasha
   903 | D:2      | Killed Natasha
   903 | D:2      | Reached skill level 4 in Fighting
   903 | D:2      | Reached XP level 4. HP: 28/44 MP: 4/4
   936 | D:2      | Noticed Natasha
   944 | D:2      | Killed Natasha
   990 | D:2      | Noticed Sigmund
  1013 | D:2      | HP: 2/44 [something/puff of flame (4)]
  1015 | D:2      | Slain by Sigmund

Illustrated notes

Levels and vault maps discovered:
D:1:      elethiomel_arrival_shortcut, layout_basic, kennysheep_crisscross
D:2:      layout_loops_cross, uniq_natasha, uniq_sigmund

Skill      XL: |  1  2  3 |
---------------+----------+-----
Fighting       | 3 4 |  4.2
Axes           | 3 |  3.4
Armour         | |  3.2
Shields        | |  3.2

Action                   |  1- 3 |  4- 6 || total
-------------------------+-------+-------++-------
Melee: War axe           |    64 |    27 ||    91
 Abil: Heal Wounds       |     1 |     1 ||     2
Armor: Scale mail        |    30 |     5 ||    35
Dodge: Dodged            |    25 |     2 ||    27
Block: Kite shield       |    27 |     8 ||    35

Table legend: (Time is in decaauts)
 A = Elapsed time spent in this place.
 B = Non-inter-level travel time spent in this place.
 C = Inter-level travel time spent in this place.
 D = Time resting spent in this place.
 E = Time spent auto-exploring this place.
 F = Levels seen in this place.
 G = Mean time per level.
                   A        B        C        D        E       F      G
               +--------+--------+--------+--------+--------+-----+--------+
         Total |   1054 |   1016 |     38 |      0 |    797 |   2 |  527.0 |
       Dungeon |   1054 |   1016 |     38 |      0 |    797 |   2 |  527.0 |
               +--------+--------+--------+--------+--------+-----+--------+

Top non-repeatable levels by time:
     D:1: 665 daAuts
     D:2: 388 daAuts
